cohdb
Replays
Latest Replays
All Replays
Popular Replays
Top Player Replays
Match Explorer
How It Works
Community
CoH3 Stats
Reddit
Sign in to upload your games and track your stats! →
Sign in with Steam
Match 41591613
Unlisted
Match 41591613
Overview
Messages
Build Orders
End
Panzergrenadier Squad
Selects Battlefield Espionage Battlegroup
Panzergrenadier Squad
250 Light Carrier
Construct Light Support Kompanie
MG34 Team
Assault Grenadier Squad
Panzerjäger Squad
Selects Intel Disruption Beacon
Fire Support Elements
Selects 250/3 Funkpanzerwagen
Flakvierling Half-track
Panzerjäger Mechanized Group
Selects Transfer Depots
le.IG 18 Support Gun Team
Selects Advanced Ambush Training
Construct Panzerarmee Kommand
Panzer III L Medium Tank
2.5-tonne Medical Truck
Selects Firestorm
Firestorm
Panzer III L Medium Tank
Flak 36 Anti-tank Gun Team
Lelew
Murran
Insomniac
MrBadMass
0
0
Comments
sign in to comment!
No comments posted yet!